 Dungeon Crawl Stone Soup version 0.25.1-2-g60ff931df9 (webtiles) character file.

Game seed: 9284617025237539993

18228 H0rd4k the Eclecticist (level 12, -5/59 HPs)
             Began as a Deep Elf Wizard on Aug 11, 2020.
             Was an Initiate of Gozag.
             Slain by a black mamba (16 damage)
             ... on level 2 of the Lair of Beasts on Aug 14, 2020.
             The game lasted 01:02:28 (24041 turns).

H0rd4k the Eclecticist (Deep Elf Wizard)           Turns: 24041, Time: 01:02:29

Health: -5/59      AC: 12    Str:  4    XL:     12   Next: 25%
Magic:  0/31       EV: 14    Int: 31    God:    Gozag
Gold:   1383       SH:  0    Dex: 16    Spells: 32/45 levels left

rFire    . . .     SeeInvis .   (no weapon)
rCold    + . .     Gourm    .   (no shield)
rNeg     + . .     Faith    .   k - +1 leather armour {rPois}
rPois    +         Spirit   +   b - +0 hat
rElec    .         Reflect  .   (no cloak)
rCorr    .         Harm     .   G - +1 pair of gloves
MR       +....                  I - +1 pair of boots of Insecurity {rN+}
Stlth    ++++......             L - amulet "Xiacwomp" {Spirit Dex+3}
HPRegen  0.19/turn              r - +4 ring of protection
MPRegen  0.22/turn              h - ring of stealth

@: lethally poisoned (-5 -> -10)
A: clever 1, cold resistance 1, low mp 1
a: Potion Petition, Call Merchant, Bribe Branch, Renounce Religion


You were on level 2 of the Lair of Beasts.
You worshipped Gozag.
Gozag was most pleased with you.
You were very hungry.

You visited 3 branches of the dungeon, and saw 16 of its levels.
You also visited: Ossuary.

You collected 2335 gold pieces.
You spent 799 gold pieces at shops.
You paid 153 gold pieces to Gozag.

Inventory:

Armour
 b - a +0 hat (worn)
 k - a +1 leather armour of poison resistance (worn)
 G - a +1 pair of gloves (worn)
 I - the +1 pair of boots of Insecurity (worn) {rN+}
   (You found it on level 10 of the Dungeon)

   It protects you from negative energy.
Magical Staves
 m - an uncursed staff of earth {unknown}
Jewellery
 c - an uncursed ring of protection from cold
 h - a ring of stealth (right hand)
 j - an uncursed ring of stealth
 r - a +4 ring of protection (left hand)
 s - an uncursed ring of positive energy
 v - an uncursed ring of positive energy
 L - the amulet "Xiacwomp" (around neck) {Spirit Dex+3}
   (You bought it in a shop on level 6 of the Dungeon)

   [amulet of guardian spirit]

   It causes incoming damage to be split between your health and magic.
   It affects your dexterity (+3).
 N - an uncursed ring of poison resistance
Wands
 g - a wand of polymorph (7)
Scrolls
 a - a scroll of fear
 f - 2 scrolls of remove curse
 l - 5 scrolls of enchant armour
 n - 2 scrolls of blinking {unknown}
 o - a scroll of teleportation
 p - 6 scrolls of fog
 q - 2 scrolls of identify
 x - a scroll of enchant weapon {unknown}
 y - 3 scrolls of amnesia
 z - a scroll of magic mapping {unknown}
Potions
 e - 2 potions of ambrosia
 i - a potion of curing
 t - 3 potions of resistance
 u - 4 potions of haste
 A - 3 potions of might
 B - a potion of invisibility
 C - a potion of heal wounds
 E - 2 potions of brilliance
 J - a potion of stabbing
 K - a potion of flight
Comestibles
 d - 9 rations


   Skills:
 + Level 5.0 Dodging
 + Level 4.5 Stealth
 + Level 17.1 Spellcasting
 + Level 12.2 Conjurations
 + Level 2.9 Hexes
   Level 1.1 Summonings
 + Level 5.1 Translocations
 + Level 3.6 Fire Magic
 + Level 3.3 Air Magic
 + Level 2.9 Poison Magic
 + Level 3.5 Evocations


You had 32 spell levels left.
You knew the following spells:

 Your Spells              Type           Power        Failure   Level  Hunger
a - Magic Dart            Conj           ####         1%          1    None
b - Blink                 Tloc           N/A          1%          2    None
c - Conjure Flame         Conj/Fire      ######..     1%          3    None
d - Mephitic Cloud        Conj/Pois/Air  ######..     1%          3    None
e - Tukima's Dance        Hex            #####...     2%          3    None
f - Apportation           Tloc           ######       1%          1    None

Your spell library contained the following spells:

 Spells                   Type           Power        Failure   Level  Hunger
 Corona                   Hex            #####..      1%          1    None
 Summon Small Mammal      Summ           ####         1%          1    None
 Slow                     Hex            #####...     1%          2    None
 Dazzling Flash           Conj/Hex       ######       1%          3    None
 Stone Arrow              Conj/Erth      ######       1%          3    None
 Animate Skeleton         Necr           N/A          2%          1    None
 Sandblast                Erth           ####..       2%          1    None
 Call Imp                 Summ           ####....     2%          2    None
 Ensorcelled Hibernation  Hex/Ice        #####.       2%          2    None
 Confusing Touch          Hex            #####...     2%          3    None
 Passwall                 Tmut/Erth      ####....     4%          2    None
 Petrify                  Tmut/Erth      ####....     28%         4    None
 Lee's Rapid Deconstruct  Erth           ####......   61%         5    None


Dungeon Overview and Level Annotations

Branches:
Dungeon (11/15)            Temple (1/1) D:5            Lair (4/6) D:10
    Orc (0/2) D:10        Ossuary (visited)
  Swamp: Lair:2-4    Shoals: Lair:2-4     Snake: Lair:2-4    Spider: Lair:2-4

Altars:
Ashenzari
Cheibriados
Dithmenos
Elyvilon
Fedhas
Gozag
Hepliaklqana
Kikubaaqudgha
Makhleb
Nemelex Xobeh
Okawaru
Qazlal
Ru
Sif Muna
Trog
Uskayaw
Vehumet
Wu Jian
Xom
Yredelemnul
Zin
The Shining One

Shops:
D:4 (   D:6 =

Annotations:
D:6 exclusion: electric eel
D:10 exclusion: downstairs
Lair:2 exclusions: hydra and upstairs, Fannar
Lair:3 exclusions: hydra and upstairs


Innate Abilities, Weirdness & Mutations

Your mind is acute. (Int +2)
Your flesh is cold resistant. (rC+)
Your magical capacity is low. (-10% MP)


Message History

The black mamba bites you.
Casting: Magic Dart (safe; 1% risk of failure)
Confirm with . or Enter, or press ? or * to list all spells.
Aiming: Magic Dart (safe; 1% risk of failure)
Press: ? - help, Shift-Dir - straight line, f/p - black mamba
Aim: a black mamba (almost dead)
The magic dart hits the black mamba but does no damage.
The black mamba is almost dead.
You feel sick. The black mamba bites you. The black mamba bites you!
* * * LOW HITPOINT WARNING * * *
Casting: Magic Dart (safe; 1% risk of failure)
Confirm with . or Enter, or press ? or * to list all spells.
Aiming: Magic Dart (safe; 1% risk of failure)
Press: ? - help, Shift-Dir - straight line, f/p - black mamba
Aim: a black mamba (almost dead)
The magic dart hits the black mamba but does no damage.
The black mamba is almost dead.
You feel sick. The black mamba bites you!
You die...
Your body crumbles into a pile of gold.

.... ....
.#.#. .# ....
...#.###. ...
......#.. .#
....... .#
.....##
...##....#
#P.......#
#@### #S.P#
#..####
#.###.##.#
###.........
###.....#..##
#.......# #
#......##
##...P##


You could see a black mamba.

Vanquished Creatures
  2 hydras (Lair:1)
  Pikel (D:7)
  A black mamba (Lair:3)
  Joseph (D:8)
  3 spiny frogs
  A kobold demonologist (D:11)
  2 komodo dragons
  A troll (D:9)
  A polar bear (Lair:3)
  16 blink frogs
  3 hippogriffs
  A hornet (D:11)
  2 wyverns (D:8)
  A human (D:7)
  2 yaks (D:11)
  4 hogs (D:7)
  A hungry ghost (D:10)
  Edmund (D:4)
  3 soldier ants (Lair:2)
  2 water moccasins
  2 ice beasts
  7 porcupines
  3 black bears
  5 orc warriors
  4 phantoms
  3 sky beasts (D:9)
  3 slaves (D:7)
  6 ogres
  6 crocodiles
  6 centaurs
  2 big kobolds
  Blork the orc (D:4)
  7 bullfrogs
  A gnoll sergeant (D:6)
  4 scorpions
  10 killer bees
  3 wights (D:9)
  3 howler monkeys
  7 crimson imps
  3 hounds
  3 bullfrog skeletons
  A bullfrog zombie (D:11)
  A centaur zombie (D:7)
  6 orc priests
  6 jellies
  19 orc wizards
  3 centaur skeletons
  3 iguanas
  Natasha (thrice) (D:2)
  7 worker ants
  A big kobold zombie (Ossuary)
  A hound zombie (D:6)
  8 mummies (Ossuary)
  3 worker ant zombies
  11 gnolls
  A howler monkey skeleton (D:9)
  8 adders
  2 shadow imps
  An adder zombie (D:6)
  5 worms
  A dart slug (D:1)
  8 leopard geckos
  48 orcs
  3 ball pythons
  5 bats
  3 giant cockroaches
  7 goblins
  4 hobgoblins
  9 jackals
  5 quokkas
  6 frilled lizards
  2 gnoll zombies (Ossuary)
  A hobgoblin zombie (Ossuary)
  6 kobolds
  A kobold zombie (Ossuary)
  3 orc zombies (Ossuary)
  A quokka skeleton (D:4)
  11 rats
352 creatures vanquished.

Vanquished Creatures (collateral kills)
  A killer bee (D:10)
  A hound (D:10)
2 creatures vanquished.

Vanquished Creatures (others)
  A bush (D:7)
  41 fungi
  15 plants
57 creatures vanquished.

Grand Total: 411 creatures vanquished

Notes
Turn   | Place    | Note
-------+----------+-------------------------------------------
     0 | D:1      | H0rd4k the Deep Elf Wizard began the quest for the Orb.
     0 | D:1      | Reached XP level 1. HP: 10/10 MP: 7/7
   327 | D:1      | Reached XP level 2. HP: 15/15 MP: 7/9
   439 | D:1      | Reached skill level 5 in Spellcasting
  1110 | D:1      | Reached XP level 3. HP: 18/19 MP: 7/12
  1118 | D:1      | Learned a level 2 spell: Blink
  1122 | D:1      | Learned a level 3 spell: Conjure Flame
  1126 | D:1      | Learned a level 3 spell: Mephitic Cloud
  1258 | D:2      | Found a stormy altar of Qazlal.
  1352 | D:2      | Reached skill level 6 in Spellcasting
  1352 | D:2      | Reached XP level 4. HP: 9/24 MP: 5/14
  1667 | D:2      | Noticed Natasha
  1674 | D:2      | Killed Natasha
  1848 | D:2      | Noticed Natasha
  1855 | D:2      | Killed Natasha
  1855 | D:2      | Reached XP level 5. HP: 28/28 MP: 8/16
  2105 | D:2      | Found a shimmering altar of Xom.
  2120 | D:2      | Found a burning altar of Makhleb.
  2128 | D:2      | Found a white marble altar of Elyvilon.
  2317 | D:2      | Noticed Natasha
  2327 | D:2      | Killed Natasha
  2503 | D:2      | Reached skill level 7 in Spellcasting
  2742 | D:2      | HP: 1/28 [something/puff of frost (5)]
  2746 | D:2      | Gained mutation: Your mind is acute. (Int +2) [potion of
                  | mutation]
  2746 | D:2      | Gained mutation: Your magical capacity is low. (-10% MP)
                  | [potion of mutation]
  2746 | D:2      | Gained mutation: Your flesh is cold resistant. (rC+)
                  | [potion of mutation]
  3260 | D:3      | Reached XP level 6. HP: 21/32 MP: 3/16
  4074 | D:4      | Found Xusour's Antique Weapon Shop.
  4268 | D:4      | Reached skill level 8 in Spellcasting
  4268 | D:4      | Reached XP level 7. HP: 36/36 MP: 7/18
  4472 | D:4      | Noticed Edmund
  4484 | D:4      | Killed Edmund
  4763 | D:4      | Found a sparkling altar of Nemelex Xobeh.
  4784 | D:4      | Noticed Blork the orc
  4792 | D:4      | Killed Blork the orc
  4792 | D:4      | Reached skill level 5 in Conjurations
  4984 | D:4      | Found a snail-covered altar of Cheibriados.
  5163 | D:4      | Reached skill level 1 in Poison Magic
  5323 | D:5      | Entered Level 5 of the Dungeon
  5431 | D:5      | Reached skill level 9 in Spellcasting
  5431 | D:5      | Reached skill level 1 in Air Magic
  5646 | D:5      | Reached XP level 8. HP: 41/41 MP: 15/21
  5893 | D:5      | Found a sacrificial altar of Ru.
  6171 | D:5      | Found a staircase to the Ecumenical Temple.
  6544 | D:5      | Found a shattered altar of Ashenzari.
  6605 | D:5      | Reached skill level 10 in Spellcasting
  7297 | D:6      | Found a bloodstained altar of Trog.
  7362 | D:6      | Found a radiant altar of Vehumet.
  7457 | D:6      | Found a sand-covered staircase.
  7467 | Ossuary  | Entered an ossuary
  8074 | Ossuary  | Reached skill level 11 in Spellcasting
  8483 | Temple   | Entered the Ecumenical Temple
  8609 | Temple   | Became a worshipper of Gozag Ym Sagoz the Greedy
  8742 | D:6      | Reached skill level 1 in Fire Magic
  8946 | D:6      | Reached XP level 9. HP: 41/45 MP: 3/24
  9229 | D:6      | Found a glowing golden altar of the Shining One.
  9381 | D:6      | Found Mituurph's Jewellery Shoppe.
 10050 | D:7      | Reached skill level 12 in Spellcasting
 10528 | D:7      | Found a blossoming altar of Fedhas.
 10632 | D:7      | Noticed Pikel
 10643 | D:7      | Killed Pikel
 10643 | D:7      | Reached skill level 13 in Spellcasting
 10896 | D:7      | Reached XP level 10. HP: 50/50 MP: 8/26
 11609 | D:8      | Noticed Joseph
 11770 | D:8      | Learned a level 3 spell: Tukima's Dance
 12672 | D:9      | Reached skill level 1 in Hexes
 13050 | D:8      | Killed Joseph
 13050 | D:8      | Reached skill level 14 in Spellcasting
 13050 | D:8      | Reached skill level 1 in Evocations
 15237 | D:9      | Found a shimmering blue altar of Sif Muna.
 16075 | D:10     | Entered Level 10 of the Dungeon
 16114 | D:10     | Reached skill level 10 in Conjurations
 16292 | D:10     | Got a pair of dazzling boots
 16298 | D:10     | Identified the +1 pair of boots of Insecurity {rN+} (You
                  | found it on level 10 of the Dungeon)
 16493 | D:11     | Reached XP level 11. HP: 54/54 MP: 9/28
 16658 | D:11     | Noticed a two-headed ogre
 16905 | D:11     | Reached skill level 15 in Spellcasting
 17982 | D:10     | Found a staircase to the Lair.
 18204 | D:10     | Found a staircase to the Orcish Mines.
 18726 | D:6      | Found a shadowy altar of Dithmenos.
 19761 | D:6      | Bought the amulet "Xiacwomp" {Spirit Dex+3} for 649 gold
                  | pieces
 19847 | D:4      | Bought a faintly glowing whip for 150 gold pieces
 19847 | D:4      | Identified the +8 whip "Seuckehu" {freeze, Str+6 Stlth+}
                  | (You bought it in a shop on level 4 of the Dungeon)
 20011 | D:9      | Learned a level 1 spell: Apportation
 20414 | Lair:1   | Entered Level 1 of the Lair of Beasts
 20414 | Lair:1   | Noticed a five-headed hydra
 20623 | Lair:2   | Noticed Fannar
 20633 | Lair:3   | Noticed a five-headed hydra
 20658 | Lair:3   | Noticed a four-headed hydra
 21028 | Lair:3   | Reached skill level 16 in Spellcasting
 21408 | Lair:3   | Noticed a seven-headed hydra
 21792 | Lair:2   | Noticed a five-headed hydra
 22831 | Lair:1   | Reached XP level 12. HP: 41/59 MP: 13/31
 23262 | Lair:1   | Killed a five-headed hydra
 23497 | Lair:1   | Reached skill level 5 in Translocations
 23745 | Lair:1   | Noticed a five-headed hydra
 23770 | Lair:1   | Killed a five-headed hydra
 23770 | Lair:1   | Reached skill level 5 in Dodging
 23770 | Lair:1   | Reached skill level 17 in Spellcasting
 24041 | Lair:2   | Slain by a black mamba

Illustrated notes

Levels and vault maps discovered:
D:1:      heliophobic_arrival_glass_houses, layout_loops_ring, serial_forest,
          infiniplex_forest_clump_C, infiniplex_forest_lined_room_2,
          infiniplex_forest_straight_3, infiniplex_forest_straight_4,
          infiniplex_forest_clump_curved, infiniplex_forest_straight_4,
          infiniplex_forest_end_3, infiniplex_forest_diagonal,
          infiniplex_forest_end_double, minmay_tetromino_s2
D:2:      layout_loops_ring, grunt_temple_overflow_open, grunt_qazlal_sundering,
          overflow_temple_1_default, minmay_misc_feat_plants,
          nrook_loot_triangle, uniq_natasha
D:3:      layout_basic
D:4:      layout_basic, nemelex_xobeh_ov_fountains_minmay, lemuel_doored_altar,
          serial_shops, shop, first_ration, uniq_edmund, uniq_blork_the_orc
D:5:      layout_cave_pods, nicolae_ashenzari_panopticon, old_standard_altar,
          minmay_temple_entry_steel_oval
D:6:      layout_layer_cave, kennysheep_mini, lemuel_coloured_pillars_altar,
          lemuel_round_altar, nicolae_ossuary_entry_monument, serial_shops,
          nicolae_shop_behind_doors, minivault_14,
          grunt_dithmenos_smoke_and_mirrors
D:7:      layout_loops_cross, fedhas_bush_and_centaur_altar, grunt_livestock,
          uniq_pikel
D:8:      layout_basic, uniq_joseph
D:9:      layout_stronghold, led_sif_book
D:10:     layout_loops_cross, due_lair_maze_entry_diamond, orc_0_dummy
D:11:     layout_irregular_city
Temple:   jpeg_temple_island
Lair:1:   layout_hall_layers, portal_ice_cave_entry_pillars_2,
          grunt_megastairs_2
Lair:2:   statuecave_lemuel, layout_loops_ring, minivault_29, uniq_fannar
Lair:3:   layout_loops_ring, spider_nest_entry_web_field, basic_altar
Lair:4:   layout_gridlike, shoals_dummy_entry, bobbens_dragon_lair_wall,
          grunt_megastairs_5, lemuel_fruit_fields, serial_bayou_shore_b

Skill      XL: |  1  2  3  4  5  6  7  8  9 10 11 12 |
---------------+-------------------------------------+-----
Spellcasting   | 5 6 7 8 9 11 13 14 16 17 | 17.1
Stealth        | 3 4 |  4.5
Dodging        | 3 4 5 |  5.0
Conjurations   | 2 3 4 5 7 8 10 11 12 | 12.2
Poison Magic   | 1 2 |  2.9
Air Magic      | 1 2 3 |  3.3
Translocations | 2 3 4 5 |  5.1
Fire Magic     | 2 3 |  3.6
Hexes          | 2 |  2.9
Evocations     | 3 |  3.5
Summonings     | |  1.1

Action                   |  1- 3 |  4- 6 |  7- 9 | 10-12 || total
-------------------------+-------+-------+-------+-------++-------
Melee: Unarmed           |       |       |       |     2 ||     2
 Cast: Magic Dart        |    66 |   150 |   491 |   978 ||  1685
       Conjure Flame     |       |     4 |    27 |    72 ||   103
       Blink             |       |     3 |    14 |    62 ||    79
       Mephitic Cloud    |       |     3 |    16 |    44 ||    63
       Apportation       |       |       |       |     1 ||     1
Evoke: Wand              |       |       |       |     6 ||     6
  Use: Potion            |       |     7 |     1 |     2 ||    10
       Scroll            |       |     1 |     5 |    18 ||    24
  Eat: Chunk             |     1 |     9 |     7 |       ||    17
       Ration            |       |       |     4 |    11 ||    15
Armor: Leather armour    |       |     7 |    18 |   117 ||   142
       Robe              |       |     3 |       |       ||     3
Dodge: Dodged            |     9 |     9 |    60 |   214 ||   292
